 Dungeon Crawl Stone Soup version 0.28-a0-514-g0d7ab7f379 (webtiles) character file.

Game seed: 255789278050083928

77551 siradein the Spear-Bearer (level 15, -9/132 HPs)
             Began as a Demonspawn Gladiator on Sept 22, 2021.
             Was an Initiate of Gozag.
             Killed from afar by a deep elf zephyrmancer (26 damage)
             ... with a bolt of lightning
             ... summoned by a worldbinder
             ... on level 3 of the Abyss.
             The game lasted 00:59:55 (20344 turns).

siradein the Spear-Bearer (Demonspawn Gladiator)   Turns: 20344, Time: 00:59:56

Health: -9/132     AC: 24    Str: 17    XL:     15   Next: 15%
Magic:  15/15      EV: 19    Int: 10    God:    Gozag
Gold:   587        SH:  6    Dex: 23    Spells: 14/14 levels left

rFire   . . .      SeeInvis .   z - +6 trident (vamp)
rCold   + . .      Faith    .   Q - +0 buckler
rNeg    . . .      Spirit   .   N - quicksilver dragon scales
rPois   .          Reflect  .   t - +2 helmet {Int+3}
rElec   .          Harm     .   i - +1 cloak
rCorr   .          Rampage  +   (gloves unavailable)
Will    ++...      Rage     3%  O - +1 pair of boots {rampage}
Stlth   +.........              w - amulet of regeneration
HPRegen 1.32/turn               C - +4 ring of protection
MPRegen 0.14/turn               x - ring "Ymigee Fexzo" {Dex+6 Slay+4}

@: gold aura
A: claws 3, icy blue scales 3, foul stench 2, spiny 2, robust 1, noise
suppression, [berserk 2], [deterioration 2], [dopey 2], [subdued magic 2]
a: Renounce Religion, Potion Petition, Call Merchant, Bribe Branch


You were on level 3 of the Abyss.
You worshipped Gozag.
Gozag was pleased with you.
You visited 3 branches of the dungeon, and saw 18 of its levels.
You visited the Abyss 1 time.
You also visited: Ice Cave.

You collected 6017 gold pieces.
You spent 3838 gold pieces at shops.
You paid 1592 gold pieces to Gozag.

Inventory:

Hand Weapons
 z - a +6 vampiric trident (weapon)
 I - a +2 trident of freezing
 S - the +11 hand crossbow of Destruction {venom, *Corrode Will+ Dex+5 SInv}
   (You bought it in a shop on level 9 of the Dungeon)

   Any ammunition fired from it poisons the flesh of those it strikes.
   Dex:       It affects your dexterity (+5).
   SInv:      It lets you see invisible.
   *Corrode:  It may corrode you when you take damage.
   Will:      It increases your willpower.
Missiles
 d - 3 throwing nets
 e - 77 poisoned darts
 p - 114 bolts
 G - 8 boomerangs (quivered)
 K - 8 curare-tipped darts
Armour
 i - a +1 cloak (worn)
 t - a +2 helmet of intelligence (worn)
 u - a +1 buckler of cold resistance
 N - quicksilver dragon scales (worn)
 O - a +1 pair of boots of rampaging (worn)
 Q - a +0 buckler (worn)
Jewellery
 a - the amulet "Bukent" {Faith Rampage rPois rC+ Str+4}
   (You found it in an ice cave)

   [amulet of faith]

   It allows you to gain divine favour quickly.
   Str:       It affects your strength (+4).
   rC:        It protects you from cold.
   rPois:     It protects you from poison.
   Rampage:   It bestows one free step when moving towards enemies.
 w - an amulet of regeneration (around neck)
 x - the ring "Ymigee Fexzo" (right claw) {Dex+6 Slay+4}
   (You found it in an ice cave)

   [ring of slaying]

   Dex:       It affects your dexterity (+6).
   Slay:      It affects your accuracy & damage with ranged weapons and melee
   (+4).
 C - a +4 ring of protection (left claw)
 D - a ring of fire
 F - a ring of magical power
 L - a +4 ring of protection
 R - a +6 ring of strength
 Y - a ring of protection from cold
Wands
 b - a wand of iceblast (8)
 y - a wand of flame (56)
 A - a wand of polymorph (24)
 M - a wand of digging (6)
Scrolls
 f - 2 scrolls of acquirement {unknown}
 h - a scroll of amnesia
 k - 2 scrolls of enchant weapon
 m - 4 scrolls of immolation {unknown}
 o - 5 scrolls of magic mapping {unknown}
 s - 3 scrolls of teleportation {unknown}
 v - 2 scrolls of torment {unknown}
 E - 3 scrolls of summoning
 H - a scroll of blinking
 U - 3 scrolls of fog
Potions
 c - 4 potions of magic
 g - 7 potions of mutation
 j - a potion of brilliance
 l - a potion of resistance
 q - 2 potions of lignification
 r - a potion of haste {unknown}
 B - 3 potions of flight
 J - a potion of berserk rage
Miscellaneous
 V - a tin of tremorstones (2/2)
 X - a lightning rod (4/4)
 Z - a condenser vane


   Skills:
 + Level 12.0 Fighting
 + Level 12.6 Polearms
 + Level 7.4 Crossbows
 + Level 10.9 Throwing
 + Level 11.1 Dodging
 - Level 4.0 Shields
 + Level 7.1 Evocations


You had 14 spell levels left.
You didn't know any spells.
Your spell library contained the following spells:

 Spells                   Type           Power      Damage    Failure   Level
 Animate Skeleton         Necr           0%         N/A       47%         1
 Foxfire                  Conj/Fire      0%         2x1d4     47%         1
 Pain                     Necr           0%         1d4       47%         1
 Ensorcelled Hibernation  Hex/Ice        0%         N/A       63%         2
 Static Discharge         Conj/Air       0%         N/A       63%         2
 Sublimation of Blood     Necr           0%         N/A       63%         2
 Call Canine Familiar     Summ           0%         N/A       87%         3
 Conjure Flame            Conj/Fire      0%         6-21      87%         3
 Gell's Gravitas          Tloc           0%         N/A       87%         3
 Inner Flame              Hex/Fire       0%         N/A       87%         3
 Lesser Beckoning         Tloc           0%         N/A       87%         3
 Portal Projectile        Hex/Tloc       0%         N/A       87%         3
 Spider Form              Tmut/Pois      0%         N/A       87%         3
 Teleport Other           Tloc           0%         N/A       87%         3
 Tukima's Dance           Hex            0%         N/A       87%         3
 Vampiric Draining        Necr           0%         2d6       87%         3
 Cause Fear               Hex            0%         N/A       99%         4
 Dispel Undead            Necr           0%         3d6       99%         4
 Flame Wave               Conj/Fire      0%         3d3       99%         4
 Leda's Liquefaction      Hex/Erth       0%         N/A       99%         4
 Passage of Golubria      Tloc           N/A        N/A       99%         4
 Petrify                  Tmut/Erth      0%         N/A       99%         4
 Sticky Flame             Conj/Fire      0%         2d3       99%         4
 Summon Ice Beast         Ice/Summ       0%         N/A       99%         4
 Irradiate                Conj/Tmut      0%         3d14      100%        5
 Iskenderun's Battlesphe  Conj           0%         2d6       100%        5
 Summon Mana Viper        Hex/Summ       0%         N/A       100%        5
 Yara's Violent Unravell  Hex/Tmut       0%         3d3       100%        5
 Dispersal                Tloc           0%         N/A       100%        6
 Iron Shot                Conj/Erth      0%         9d1       100%        6
 Malign Gateway           Summ/Tloc      0%         N/A       100%        7
 Monstrous Menagerie      Summ           0%         N/A       100%        7
 Spellforged Servitor     Conj/Summ      0%         N/A       100%        7
 Discord                  Hex            0%         N/A       100%        8
 Summon Horrible Things   Summ           0%         N/A       100%        8


Dungeon Overview and Level Annotations

Branches:
Dungeon (11/15)            Temple (1/1) D:5            Lair (6/6) D:10
  Swamp (0/4) Lair:2       Spider (0/4) Lair:4        Slime (0/5) Lair:5
    Orc (0/2) D:9           IceCv (visited)

Altars:
Cheibriados
Elyvilon
Fedhas
Gozag
Kikubaaqudgha
Makhleb
Nemelex Xobeh
Sif Muna
Trog
Vehumet
Wu Jian
Yredelemnul
The Shining One

Shops:
D:9 (   Lair:2 [


Innate Abilities, Weirdness & Mutations

You have claws for hands.
You are completely covered in icy blue scales. (AC +4, rC+)
You sometimes emit foul miasma when damaged in melee.
You are mostly covered in sharp spines.
You are robust. (+10% HP)
You passively dampen the noise of your surroundings.
[You often lose your temper in combat.]
[Your body often deteriorates upon taking damage.]
[You are very dopey. (Int -4)]
[Your spells are easier to cast, but less powerful.]


Message History

The deep elf zephyrmancer blinks!
You rampage towards the deep elf zephyrmancer!
Found a roughly hewn altar of Beogh.
The deep elf zephyrmancer disappears in a puff of smoke!
The deep elf zephyrmancer disappears in a puff of smoke!
The worldbinder calls forth creatures from the Elven Halls!
You block the worldbinder's attack.
The worldbinder hits you but does no damage.
You puncture the deep elf pyromancer!
The deep elf pyromancer is heavily wounded.
The harpy skeleton claws you but does no damage. x2
The worldbinder closely misses you.
The worldbinder hits you but does no damage.
You barely miss the deep elf pyromancer.
The deep elf pyromancer is heavily wounded.
The harpy skeleton is struck by your spines.
The harpy skeleton closely misses you. The harpy skeleton misses you.
The deep elf knight points at you and mumbles some strange words.
The shard of ice hits you!! You partially resist.
* * * LOW HITPOINT WARNING * * *
The deep elf pyromancer gestures wildly while chanting.
The deep elf pyromancer blinks!
The worldbinder closely misses you.
The worldbinder hits you but does no damage.
The harpy skeleton is struck by your spines.
You destroy the harpy skeleton!
The deep elf pyromancer mumbles some strange words.
The deep elf pyromancer blinks!
Found a scroll of enchant weapon.
The deep elf knight is distracted by your dazzling golden aura.
The worldbinder is struck by your spines.
The worldbinder closely misses you. x2
Found a plate armour.
The tormentor is distracted by your dazzling golden aura.
The worldbinder closely misses you. The worldbinder misses you.
The worldbinder calls forth creatures from the Elven Halls!
The deep elf zephyrmancer shouts!
The deep elf zephyrmancer gestures at you while chanting.
The bolt of lightning hits you!!
You die...
Your body crumbles into a pile of gold.

.........# # .. .
.##..#.#####...# ..
# #4#.#.#.#####.
...####.#...#.#...
..........#e#...#
..#...##....#..##..
#...#...#.......#
#. ##..#..x..##.# #
#.......@..#
#####...?###
#..##[.. #.# ...##
... ##... .## .#.##
.... #..##


You could see a worldbinder, a deep elf zephyrmancer (summoned) and a chaos
spawn.

Vanquished Creatures
  An Executioner (Abyss:2)
  Gastronok (D:10)
  A green death (Abyss:3)
  An ice dragon (IceCv)
  5 hydras
  4 two-headed ogres
  Erolcha (D:11)
  Erica (D:8)
  4 death yaks (Lair:6)
  A lindwurm (Lair:4)
  A worldbinder (Abyss:3)
  A cyclops (D:11)
  13 elephants
  5 black mambas
  2 ice statues (IceCv)
  An eye of devastation (shapeshifter) (Lair:6)
  A smoke demon (Lair:6)
  A gargoyle (D:5)
  An unseen horror (D:10)
  13 cane toads
  17 komodo dragons
  Maggie (D:6)
  A hellwing (Abyss:3)
  5 rime drakes
  A troll (D:11)
  2 polar bears
  3 jumping spiders (Lair:4)
  Grinder (D:6)
  A hornet (D:10)
  24 blink frogs
  A harpy skeleton (Abyss:3)
  2 slime creatures (Lair:5)
  2 raiju (Abyss:2)
  Sigmund (D:4)
  3 shadows (D:11)
  A redback (Lair:4)
  46 yaks
  A ynoxinul (Lair:6)
  2 wraiths
  A fire bat (Abyss:3)
  A yak (shapeshifter) (Lair:6)
  Grum (D:10)
  5 large abominations
  5 basilisks
  A steam dragon (D:8)
  2 wyverns
  9 vampire mosquitoes
  The ghost of CraigForest the Sneak, an amateur TeDe of Zin (D:3)
  4 hell hounds (Abyss:3)
  2 acid dragons (D:10)
  19 water moccasins
  9 orc warriors
  Purgy (D:2)
  4 black bears
  2 ice beasts
  A necrophage (D:8)
  10 wolves
  2 ogres
  7 centaurs
  A phantom (D:5)
  6 kobold brigands
  2 wyvern zombies
  21 bullfrogs
  A gnoll sergeant (D:6)
  A scorpion (D:4)
  5 killer bees (D:10)
  8 howler monkeys
  A crimson imp (Abyss:3)
  6 komodo dragon simulacra (IceCv)
  3 centaur zombies
  2 jellies (Lair:5)
  A quasit (Abyss:3)
  13 orc priests
  4 bullfrog skeletons
  4 hounds
  Crazy Yiuf (D:2)
  2 centaur skeletons
  2 gnoll shamans
  An iron imp (Abyss:3)
  Ijyb (D:3)
  2 iguanas
  10 orc wizards
  Terence (D:2)
  7 small abominations (Lair:6)
  2 hound skeletons (D:4)
  A howler monkey zombie (D:8)
  19 gnolls
  9 acid dragon simulacra (IceCv)
  5 adders
  A white imp (D:6)
  6 steam dragon simulacra (IceCv)
  An adder zombie (D:3)
  A worm (D:2)
  4 dart slugs
  52 orcs
  7 endoplasms
  2 giant cockroaches
  17 goblins
  17 hobgoblins
  3 jackals (D:2)
  6 quokkas
  4 ball pythons
  4 bats
  4 frilled lizards
  25 kobolds
  A quokka zombie (D:3)
  4 rats
562 creatures vanquished.

Vanquished Creatures (others)
  73 fungi
  A lurking horror (Abyss:2)
  86 plants
  9 starspawn tentacles (Abyss:3)
169 creatures vanquished.

Grand Total: 731 creatures vanquished

Notes
Turn   | Place    | Note
-------+----------+-------------------------------------------
     0 | D:1      | siradein the Demonspawn Gladiator began the quest for the
                  | Orb.
     0 | D:1      | Reached XP level 1. HP: 16/16 MP: 1/1
   264 | D:1      | Gained mutation: You are partially covered in icy blue
                  | scales. (AC +2) [demonic ancestry]
   264 | D:1      | Reached XP level 2. HP: 22/22 MP: 2/2
   435 | D:1      | Found a faded altar of an unknown god.
  1082 | D:1      | Gained mutation: You are mostly covered in icy blue scales.
                  | (AC +3) [demonic ancestry]
  1082 | D:1      | Reached XP level 3. HP: 28/28 MP: 3/3
  1543 | D:2      | Found a runed translucent door.
  1544 | D:2      | Noticed Crazy Yiuf
  1658 | D:2      | Gained mutation: You have sharp fingernails. [demonic
                  | ancestry]
  1658 | D:2      | Reached XP level 4. HP: 24/34 MP: 4/4
  1810 | D:2      | You fall into a shaft and drop 1 floor!
  1822 | D:3      | Found a runed translucent gate.
  1822 | D:3      | Found a runed translucent gate.
  1827 | D:3      | Found a runed translucent gate.
  1828 | D:3      | Noticed CraigForest's ghost (amateur TeDe)
  1836 | D:3      | Noticed Purgy
  2052 | D:2      | Killed Purgy
  2053 | D:2      | Gained mutation: You are completely covered in icy blue
                  | scales. (AC +4, rC+) [demonic ancestry]
  2053 | D:2      | Reached XP level 5. HP: 27/41 MP: 5/5
  2594 | D:2      | Noticed Terence
  2615 | D:2      | Killed Terence
  3004 | D:3      | Found a basalt altar of Yredelemnul.
  3236 | D:3      | Found a bloodstained altar of Trog.
  3240 | D:3      | Noticed Ijyb
  3256 | D:3      | Paralysed by Ijyb for 4 turns
  3278 | D:3      | Killed Ijyb
  3279 | D:3      | Gained mutation: You have very sharp fingernails. [demonic
                  | ancestry]
  3279 | D:3      | Reached XP level 6. HP: 44/47 MP: 6/6
  3412 | D:3      | Found an ornate altar of the Wu Jian Council.
  4076 | D:4      | Noticed Sigmund
  4316 | D:4      | Killed Sigmund
  4384 | D:3      | Gained mutation: You are partially covered in sharp spines.
                  | [demonic ancestry]
  4384 | D:3      | Reached XP level 7. HP: 54/54 MP: 7/7
  4616 | D:4      | Found an opulent altar of Gozag.
  4728 | D:4      | Found a sparkling altar of Nemelex Xobeh.
  4802 | D:4      | Became a worshipper of Gozag Ym Sagoz the Greedy
  4931 | D:5      | Entered Level 5 of the Dungeon
  5001 | D:5      | Found a staircase to the Ecumenical Temple.
  5060 | D:5      | Found an ancient bone altar of Kikubaaqudgha.
  5145 | D:5      | Reached skill level 5 in Polearms
  5145 | D:5      | Reached skill level 5 in Dodging
  5145 | D:5      | Gained mutation: You have claws for hands. [demonic
                  | ancestry]
  5145 | D:5      | Reached XP level 8. HP: 61/61 MP: 8/8
  5163 | D:5      | Noticed a gargoyle
  5212 | Temple   | Entered the Ecumenical Temple
  5262 | D:6      | Reached skill level 5 in Fighting
  5326 | D:6      | Noticed Grinder
  5347 | D:6      | Killed Grinder
  5348 | D:6      | Reached skill level 5 in Throwing
  5544 | D:6      | Noticed Maggie
  5568 | D:6      | Killed Maggie
  5757 | D:6      | Reached XP level 9. HP: 64/69 MP: 9/9
  6576 | D:7      | Found a snail-covered altar of Cheibriados.
  6783 | D:6      | Gained mutation: You passively dampen the noise of your
                  | surroundings. [potion of mutation]
  6783 | D:6      | Gained mutation: You are robust. (+10% HP) [potion of
                  | mutation]
  7070 | D:2      | Killed Crazy Yiuf
  7160 | D:3      | Killed CraigForest's ghost
  7568 | D:7      | Found a shimmering blue altar of Sif Muna.
  7846 | D:8      | Identified the +3 falchion of Untimely Demise {antimagic,
                  | *Rage *Corrode Will+ Dex+5}
  8065 | D:8      | Gained mutation: You are mostly covered in sharp spines.
                  | [demonic ancestry]
  8065 | D:8      | Reached XP level 10. HP: 86/86 MP: 10/10
  8694 | D:9      | Noticed Erica
  8740 | D:8      | Killed Erica
  8814 | D:9      | Found a blossoming altar of Fedhas.
  8904 | D:9      | Found a staircase to the Orcish Mines.
  8963 | D:9      | Noticed a two-headed ogre
  8994 | D:9      | Killed a two-headed ogre
  9354 | D:10     | Entered Level 10 of the Dungeon
  9355 | D:10     | Noticed Grum
  9368 | D:10     | Killed Grum
  9510 | D:5      | Killed a gargoyle
  9583 | D:5      | Gained mutation: You may rarely emit foul miasma when
                  | damaged in melee. [demonic ancestry]
  9583 | D:5      | Reached XP level 11. HP: 95/95 MP: 11/11
  9885 | D:5      | Found a burning altar of Makhleb.
 10015 | D:9      | Bought the +11 hand crossbow of Destruction {venom,
                  | *Corrode Will+ Dex+5 SInv} for 1213 gold pieces
 10537 | D:10     | Noticed Gastronok
 10582 | D:10     | Killed Gastronok
 10583 | D:10     | Reached skill level 1 in Crossbows
 10833 | D:10     | Noticed a two-headed ogre
 10888 | D:10     | Killed a two-headed ogre
 10965 | D:10     | Found a staircase to the Lair.
 11494 | D:10     | Found a radiant altar of Vehumet.
 11661 | D:11     | Noticed Erolcha
 11733 | D:11     | Reached skill level 1 in Evocations
 12087 | D:11     | Noticed a two-headed ogre
 12094 | D:11     | Killed Erolcha
 12105 | D:11     | Killed a two-headed ogre
 12123 | D:11     | Reached XP level 12. HP: 106/106 MP: 12/12
 12313 | D:11     | Reached skill level 10 in Fighting
 12428 | Lair:1   | Entered Level 1 of the Lair of Beasts
 12431 | Lair:1   | Noticed a six-headed hydra
 12438 | Lair:1   | Killed a six-headed hydra
 12589 | Lair:1   | Noticed a four-headed hydra
 12599 | Lair:1   | Killed a four-headed hydra
 13325 | Lair:2   | Reached skill level 1 in Shields
 13413 | Lair:2   | Found a staircase to the Swamp.
 13474 | Lair:2   | Found a frozen archway.
 13513 | IceCv    | Entered an ice cave
 14176 | IceCv    | Noticed an ice dragon
 14336 | IceCv    | Killed an ice dragon
 14337 | IceCv    | Reached skill level 5 in Crossbows
 14451 | IceCv    | Reached XP level 13. HP: 114/114 MP: 13/13
 14470 | IceCv    | Identified the amulet "Bukent" {Faith Rampage rPois rC+
                  | Str+4}
 14477 | IceCv    | Identified the ring "Ymigee Fexzo" {Dex+6 Slay+4}
 15094 | Lair:2   | Reached skill level 10 in Dodging
 15103 | Lair:2   | Bought a masterwork troll leather armour for 600 gold
                  | pieces
 15103 | Lair:2   | Identified the +1 troll leather armour of Objectivity
                  | {-Cast Rampage Regen+ Stlth+} (You bought it in a shop on
                  | level 2 of the Lair of Beasts)
 15998 | Lair:3   | Reached XP level 14. HP: 122/122 MP: 14/14
 16900 | Lair:4   | Reached skill level 5 in Evocations
 17000 | Lair:4   | Reached skill level 10 in Throwing
 17548 | Lair:4   | Found a hole to the Spider Nest.
 17910 | Lair:5   | Found a staircase to the Slime Pits.
 18902 | Lair:6   | Entered Level 6 of the Lair of Beasts
 19340 | Lair:2   | Bought quicksilver dragon scales for 1800 gold pieces
 19340 | Lair:2   | Bought a pair of embroidered boots for 225 gold pieces
 19840 | Lair:6   | Gained mutation: You sometimes emit foul miasma when
                  | damaged in melee. [demonic ancestry]
 19840 | Lair:6   | Reached XP level 15. HP: 132/132 MP: 15/15
 19956 | Lair:6   | Cast into level 2 of the Abyss (spriggan)
 20271 | Abyss:3  | HP: 3/132 [golden dragon zombie (4)]
 20290 | Abyss:3  | Found a corrupted altar of Lugonu.
 20311 | Abyss:3  | HP: 5/132 [??? (2)]
 20335 | Abyss:3  | HP: 5/132 [deep elf knight/shard of ice[a worldbinder]
                  | (22)]
 20344 | Abyss:3  | Killed from afar by a deep elf zephyrmancer

Illustrated notes

Levels and vault maps discovered:
D:1:      co_arrival_square_in_a_square_in_a_square, layout_basic,
          ebering_ecumenical_altar_box, minmay_heptomino_h4
D:2:      kennysheep_the_goblin_king, layout_basic, uniq_terence,
          uniq_crazy_yiuf_cottage
D:3:      kennysheep_six_static_rooms, layout_basic,
          nicolae_wu_jian_immortal_techniques, nicolae_tso_carved_into_rock,
          mainiacjoe_overflow_cross_hatched, lemuel_zombie_altar_yredelemnul,
          ebering_ghost_rock_garden, minmay_misc_feat_pillars,
          serial_park_tiny_2, uniq_purgy, uniq_ijyb
D:4:      layout_basic, kennysheep_mini, mainiacjoe_overflow_alcove_2,
          uniq_sigmund
D:5:      layout_basic, makhleb_heckhound_becter, general_overflow_altar,
          minmay_temple_entry_tees, eino_small_chamber_without_monster
D:6:      kennysheep_housing_project, layout_basic, minmay_misc_feat_square,
          uniq_grinder, uniq_maggie
D:7:      layout_basic, nicolae_sif_muna_little_library, cheibriados_altar_1
D:8:      kennysheep_ambush_hall, layout_cave_pods
D:9:      layout_rooms, fedhas_altar_1, hiddenorc2_lemuel, uniq_erica
D:10:     layout_loops_ring, lemuel_doored_altar, old_standard_altar,
          due_lair_maze_entry_diamond, uniq_grum, uniq_gastronok
D:11:     layout_basic, item_on_display_a, uniq_erolcha
Temple:   jpeg_temple_island
Lair:1:   layout_small_grid
Lair:2:   layout_roguey, swamp_mist_pool, portal_ice_cave_entry_pillars_1,
          serial_bayou_shore_b, serial_bayou_shore_b, grunt_megastairs_4
Lair:3:   layout_cave_pods, serial_forest, infiniplex_forest_straight_2,
          infiniplex_forest_zigzag_1, infiniplex_forest_lined_3,
          infiniplex_forest_clump_long, infiniplex_forest_lined_ring,
          infiniplex_forest_lined_2, beast_lair_carwin_8
Lair:4:   layout_hall_layers, spider_nest_entry_funnel_web,
          hangedman_lair_unloving_vines
Lair:5:   layout_small_grid, minmay_slime_entry_pillars, beast_lair_carwin_11,
          serial_bayou_shore_b, grunt_megastairs_5
Lair:6:   hellmonk_lair_end_abyssal_woods, layout_cave_pods, basic_altar,
          patterned_corridor
Abyss:3:  base: D:12, serial_sigils_hangedman_snap,
          grunt_abyss_rune_wretched_hive, serial_sigils_hangedman_snap,
          evilmike_abyss_exit_mutagenic, nicolae_abyss_rune_star_stuff,
          evilmike_abyss_exit_9, evilmike_nicolae_abyss_rune_containment_curve

Skill      XL: |  1  2  3  4  5  6  7  8  9 10 11 12 13 14 15 |
---------------+----------------------------------------------+-----
Throwing       | 2 3 4 5 6 8 9 10 | 10.9
Polearms       | 3 4 5 6 7 8 9 11 12 | 12.6
Dodging        | 3 4 5 6 7 8 9 10 11 | 11.1
Fighting       | 3 4 6 7 8 9 10 11 12 | 12.0
Crossbows      | 3 5 7 |  7.4
Evocations     | 2 4 6 7 |  7.1
Shields        | 2 3 4 |  4.0

Action                   |  1- 3 |  4- 6 |  7- 9 | 10-12 | 13-15 || total
-------------------------+-------+-------+-------+-------+-------++-------
Melee: Trident           |   153 |   137 |   224 |       |   531 ||  1045
       Halberd           |       |       |   168 |   101 |       ||   269
       Glaive            |       |       |       |    86 |       ||    86
       Spear             |       |       |       |  1003 |   496 ||  1499
 Fire: Hunting sling     |     5 |    87 |    28 |       |       ||   120
       Hand crossbow     |       |       |       |     4 |       ||     4
Throw: Dart              |       |    12 |     4 |       |       ||    16
       Throwing net      |       |     1 |       |       |       ||     1
       Boomerang         |       |       |       |    17 |    12 ||    29
Invok: Call Merchant     |       |       |       |     1 |     1 ||     2
Evoke: Wand              |       |       |     1 |       |       ||     1
  Use: Scroll            |       |       |    11 |     5 |    10 ||    26
       Potion            |       |       |     1 |     1 |     7 ||     9
 Stab: Sleeping          |       |       |     2 |     4 |     6 ||    12
       Distracted        |       |       |     1 |     7 |    13 ||    21
Armor: Ring mail         |    46 |    79 |       |       |       ||   125
       Leather armour    |     1 |       |       |       |       ||     1
       Chain mail        |       |    52 |   107 |       |       ||   159
       Steam dragon scal |       |       |   100 |   378 |     7 ||   485
       Troll leather arm |       |       |       |       |   162 ||   162
       Quicksilver drago |       |       |       |       |    94 ||    94
Dodge: Dodged            |    70 |   145 |   251 |   638 |   587 ||  1691
Block: Buckler           |       |       |       |   143 |   206 ||   349

Table legend: (Time is in decaauts)
 A = Elapsed time spent in this place.
 B = Non-inter-level travel time spent in this place.
 C = Inter-level travel time spent in this place.
 D = Time resting spent in this place.
 E = Time spent auto-exploring this place.
 F = Levels seen in this place.
 G = Mean time per level.
                   A        B        C        D        E       F      G
               +--------+--------+--------+--------+--------+-----+--------+
         Total |  19849 |  18497 |   1352 |    855 |  11981 |  21 |  945.2 |
       Dungeon |  12457 |  11419 |   1038 |    355 |   7710 |  11 | 1132.5 |
        Temple |     31 |     31 |      0 |     30 |      0 |   1 |   31.0 |
          Lair |   5721 |   5408 |    313 |     34 |   3957 |   6 |  953.5 |
         Abyss |    348 |    348 |      0 |     13 |      0 |   2 |  174.0 |
      Ice Cave |   1289 |   1289 |      0 |    423 |    314 |   1 | 1289.0 |
               +--------+--------+--------+--------+--------+-----+--------+

Top non-repeatable levels by time:
     D:2: 1716 daAuts
     D:3: 1645 daAuts
     D:6: 1532 daAuts
   IceCv: 1289 daAuts
     D:1: 1229 daAuts
  Lair:5: 1149 daAuts
  Lair:3: 1144 daAuts
    D:10: 1106 daAuts
     D:8: 1075 daAuts
  Lair:2: 987 daAuts
  Lair:4: 977 daAuts
     D:5: 975 daAuts
     D:7: 941 daAuts
  Lair:1: 815 daAuts
     D:4: 788 daAuts
